 Dungeon Crawl Stone Soup version 0.26-a0-190-g75a3d40d47 (webtiles) character file.

Game seed: 14719851956086412409

61826 Ezendos the Fighter (level 15, -9/165 HPs)
             Began as an Ogre Transmuter on July 1, 2020.
             Was a High Priest of Makhleb.
             Mangled by a freezing wraith (19 damage)
             ... on level 13 of the Dungeon on July 4, 2020.
             The game lasted 01:43:13 (36438 turns).

Ezendos the Fighter (Ogre Transmuter)              Turns: 36438, Time: 01:43:14

Health: -9/165     AC:  9    Str: 19    XL:     15   Next: 4%
Magic:  0/24       EV: 12    Int: 18    God:    Makhleb [*****.]
Gold:   827        SH:  0    Dex:  9    Spells: 1/26 levels left

rFire    + + +     SeeInvis .   W - +7 great mace "Firestarter" {inner flame, rF++}
rCold    . . .     Faith    .   (shield currently unavailable)
rNeg     . . .     Spirit   +   T - +0 acid dragon scales
rPois    .         Reflect  .   (helmet restricted)
rElec    .         Harm     .   k - +1 cloak {rCorr}
rCorr    +                      (gloves unavailable)
MR       ++...                  (boots unavailable)
Stlth    +.........             P - amulet of guardian spirit
HPRegen  0.37/turn              y - ring of protection from fire
MPRegen  0.19/turn              U - ring of protection from magic

@: slowed, very slow
A: large, unfitting armour, tough skin 1
a: Minor Destruction, Lesser Servant of Makhleb, Major Destruction, Greater
Servant of Makhleb, Renounce Religion


You were on level 13 of the Dungeon.
You worshipped Makhleb.
Makhleb was extremely pleased with you.
You were not hungry.

You visited 4 branches of the dungeon, and saw 21 of its levels.
You also visited: Sewer and Gauntlet.

You collected 1477 gold pieces.
You spent 650 gold pieces at shops.

Inventory:

Hand Weapons
 h - a +1 short sword of venom
 H - the +1 long sword "Moqe" {drain, rElec rF+}
   (You found it on level 11 of the Dungeon)

   A truly terrible weapon, it drains the life of those it strikes.
   It protects you from fire.
   It insulates you from electricity.
 W - the +7 great mace "Firestarter" (weapon) {inner flame, rF++}
   (You took it off a fire giant on level 11 of the Dungeon)

   It has been specially enchanted to burn those struck by it, causing extra
   injury to most foes and up to half again as much damage against particularly
   susceptible opponents.
   It greatly protects you from fire.
Missiles
 a - 390 arrows
 M - 2 throwing nets (quivered)
Armour
 b - a +0 robe
 k - a +1 cloak of preservation (worn)
 q - a +0 troll leather armour
 E - a +0 tower shield
 T - +0 acid dragon scales (worn)
Jewellery
 y - a ring of protection from fire (left hand)
 G - an uncursed ring of poison resistance
 N - a +4 ring of evasion
 P - an amulet of guardian spirit (around neck)
 Q - an uncursed ring of protection from cold
 S - a +6 ring of intelligence
 U - a ring of protection from magic (right hand)
Wands
 j - a wand of digging (4)
 A - a wand of enslavement (11)
 C - a wand of flame (26)
 I - a wand of iceblast (11)
 K - a wand of clouds (10)
 L - a wand of acid (4)
Scrolls
 g - a scroll of enchant armour
 m - 14 scrolls of teleportation
 n - 2 scrolls of enchant weapon
 o - 7 scrolls of remove curse
 r - 2 scrolls of identify
 s - 6 scrolls of fog
 t - 7 scrolls of fear
 u - 3 scrolls of magic mapping
 D - 2 scrolls of amnesia
 F - a scroll of vulnerability
Potions
 c - 3 potions of flight
 e - 3 potions of heal wounds
 i - 3 potions of magic
 l - a potion of berserk rage
 p - 7 potions of curing
 v - 5 potions of haste
 w - 2 potions of might
 x - a potion of cancellation
 z - 2 potions of mutation
 B - 2 potions of brilliance
 J - 3 potions of stabbing
 O - a potion of lignification
 R - 2 potions of invisibility
Miscellaneous
 f - a lightning rod (4/4)
Comestibles
 d - 28 rations


   Skills:
 - Level 14.6 Fighting
 * Level 4.1 Maces & Flails
 - Level 8.3 Dodging
 - Level 11.3 Unarmed Combat
 - Level 6.0 Spellcasting
 - Level 2.3 Necromancy
 - Level 10.0 Transmutations
 - Level 5.8 Ice Magic
 - Level 1.4 Air Magic
 - Level 8.3 Earth Magic
 - Level 7.5 Invocations


You had one spell level left.
You knew the following spells:

 Your Spells              Type           Power        Failure   Level  Hunger
a - Statue Form           Tmut/Erth      #####....    50%         6    #######
b - Sticks to Snakes      Tmut           #####...     1%          2    None
c - Ice Form              Ice/Tmut       ####....     6%          4    ####...
d - Blade Hands           Tmut           #####.....   7%          5    #####..
e - Corpse Rot            Necr/Air       N/A          11%         2    None
A - Animate Skeleton      Necr           N/A          6%          1    None
B - Ozocubu's Armour      Chrm/Ice       ###.....     14%         3    ##.....
C - Shroud of Golubria    Chrm/Tloc      #.....       24%         2    None

Your spell library contained the following spells:

 Spells                   Type           Power        Failure   Level  Hunger
 Beastly Appendage        Tmut           #####.       1%          1    None
 Apportation              Tloc           #.....       16%         1    None
 Corona                   Hex            #......      16%         1    None
 Foxfire                  Conj/Fire      #...         16%         1    None
 Infusion                 Chrm           #...         16%         1    None
 Magic Dart               Conj           #...         16%         1    None
 Summon Small Mammal      Summ           #...         16%         1    None
 Spider Form              Tmut/Pois      ###.......   6%          3    ##.....
 Sublimation of Blood     Necr           ##........   9%          2    None
 Searing Ray              Conj           #.....       24%         2    None
 Song of Slaying          Chrm           #.......     24%         2    None
 Leda's Liquefaction      Hex/Erth       ###.......   28%         4    ####...
 Conjure Flame            Conj/Fire      #.......     43%         3    ##.....
 Dazzling Flash           Conj/Hex       #.....       43%         3    ##.....
 Inner Flame              Hex/Fire       #.......     43%         3    ##.....
 Spectral Weapon          Hex/Chrm       #.......     43%         3    ##.....
 Dispel Undead            Necr           ##......     52%         4    ####...
 Bolt of Magma            Conj/Fire/Erth ###.......   80%         5    #####..
 Fulminant Prism          Conj/Hex       #.........   83%         4    ####...
 Iskenderun's Mystic Bla  Conj/Tloc      #.......     83%         4    ####...
 Sticky Flame             Conj/Fire      #.......     83%         4    ####...
 Agony                    Necr           ##......     86%         5    #####..
 Excruciating Wounds      Chrm/Necr      #.........   95%         5    #####..
 Fireball                 Conj/Fire      #.........   99%         5    #####..
 Iron Shot                Conj/Erth      ###.......   99%         6    #######
 Shatter                  Erth           #####.....   100%        9    #######


Dungeon Overview and Level Annotations

Branches:
Dungeon (13/15)            Temple (1/1) D:7            Lair (6/6) D:10
  Swamp (0/4) Lair:2        Snake (0/4) Lair:2        Slime (0/5) Lair:6
    Orc (1/2) D:9           Sewer (visited)         Gauntlet (visited)
 Vaults: D:13-14

Altars:
Ashenzari
Cheibriados
Dithmenos
Elyvilon
Fedhas
Hepliaklqana
Makhleb
Nemelex Xobeh
Okawaru
Qazlal
Ru
Sif Muna
Trog
Uskayaw
Vehumet
Wu Jian
Xom
Yredelemnul
Zin
The Shining One
Beogh
Jiyva

Shops:
D:6 :   D:9 [


Innate Abilities, Weirdness & Mutations

You are too large for most types of armour.
You have tough skin. (AC +1)


Message History

The centaur warrior zombie hits you but does no damage.
Press: ? - help, v - describe, . - travel
Here: a freezing wraith (lightly damaged)
The floor.
Unknown command.
Okay, then.
You feel much better. The centaur warrior zombie hits you.
* * * LOW HITPOINT WARNING * * *
The freezing wraith hits you.
* * * LOW HITPOINT WARNING * * *
The freezing wraith freezes you!!
* * * LOW HITPOINT WARNING * * *
The freezing wraith hits you but does no damage.
The centaur warrior zombie hits you.
* * * LOW HITPOINT WARNING * * *
A deep elf archer comes into view. It is wielding a +0 mace.
You feel much better. The freezing wraith hits you!
* * * LOW HITPOINT WARNING * * *
The freezing wraith freezes you!!
You die...

)......<()......#
.....l...#e.....#
.........#......#
.........#....(.#
...##....#......# ..
#....#.%....# .
.....#......#
......#..W...#
#..Z@..# #..##..#
#..##..# ########
#..##..# .......#
#..##..# .......#
#..##..#
.......######......#
#####..............#
#....###.....).#


You could see a deep elf archer (repels missiles), a freezing wraith and a
centaur warrior zombie.

Vanquished Creatures
  Kirke (Lair:6)
  A fire giant (D:11)
  A minotaur (Gauntlet)
  6 hydras
  A catoblepas (Lair:6)
  A centaur warrior (D:13)
  A death knight (D:13)
  A two-headed ogre (D:10)
  18 death yaks
  A deep troll shaman (Lair:6)
  A tengu warrior (Gauntlet)
  Urug (Lair:6)
  A skeletal warrior (D:13)
  A phantasmal warrior (D:13)
  4 ugly things
  A manticore (D:12)
  3 cyclopes
  2 elephants (Lair:6)
  4 black mambas
  12 cane toads
  A centaur skeleton (D:11)
  7 komodo dragons
  A rime drake (Lair:5)
  An efreet (Gauntlet)
  3 trolls
  3 polar bears (Lair:6)
  A bog body (Lair:2)
  4 slime creatures (D:12)
  A meliai zombie (D:11)
  10 blink frogs
  A hippogriff (shapeshifter) (D:13)
  7 hippogriffs
  6 shadows
  5 wyverns
  2 wraiths
  4 hogs (Lair:6)
  15 yaks
  5 fire bats (D:11)
  2 fire elementals (Gauntlet)
  2 steam dragons
  A hungry ghost (D:11)
  A vampire mosquito (D:13)
  A warg (Orc:1)
  An acid dragon (shapeshifter) (D:13)
  An acid dragon (D:12)
  A hell hound (Gauntlet)
  10 water moccasins
  3 porcupines
  3 ice beasts
  3 sky beasts
  A swamp drake (Lair:2)
  A phantom (D:11)
  3 black bears
  5 orc warriors
  5 ogres
  9 wolves
  10 crocodiles
  8 centaurs
  14 bullfrogs
  A water moccasin skeleton (D:12)
  4 scorpions
  18 killer bees
  12 wights
  6 howler monkeys
  2 electric eels (Lair:4)
  A crimson imp (D:6)
  A centaur zombie (D:5)
  5 jellies
  4 hounds
  9 orc priests
  5 bullfrog skeletons
  9 orc wizards
  A hell rat (D:10)
  4 iguanas
  7 worker ants
  A killer bee zombie (D:9)
  A hound skeleton (D:8)
  A howler monkey skeleton (D:9)
  A worker ant zombie (D:7)
  A gnoll (D:1)
  15 adders
  4 river rats
  A shadow imp (D:6)
  2 oozes
  An adder zombie (D:5)
  An adder skeleton (D:6)
  2 worms (D:3)
  3 dart slugs
  10 leopard geckos
  45 orcs
  10 giant cockroaches
  10 goblins
  6 hobgoblins
  19 jackals
  7 quokkas
  8 ball pythons
  11 bats
  7 frilled lizards
  A giant cockroach zombie (D:5)
  10 kobolds
  A quokka skeleton (D:6)
  A quokka zombie (D:6)
  31 rats
  A plant (Lair:2)
525 creatures vanquished.

Vanquished Creatures (collateral kills)
  3 hydras
  A death yak (Lair:6)
  Sonja (D:11)
  An oklob plant (Lair:5)
  An elephant (Lair:6)
  A cane toad (Lair:6)
  A rime drake (Lair:6)
  3 blink frogs
  5 dream sheep (Lair:4)
  4 hippogriffs (Lair:6)
  4 yaks (Lair:6)
  A fire bat (D:11)
  2 water moccasins (Lair:6)
  An orc warrior (D:9)
  A sky beast (D:5)
  A centaur (D:12)
  A wolf (Lair:6)
  2 crocodiles (Lair:6)
  2 bullfrogs (Sewer)
  A killer bee (D:10)
  A howler monkey (D:12)
  A jelly (D:11)
  An orc wizard (D:5)
  A worker ant (D:9)
  3 adders (Sewer)
  A river rat (Sewer)
  An ooze (Sewer)
  2 orcs (D:9)
  7 ball pythons (Sewer)
  5 rats (Sewer)
  A fungus (Lair:6)
61 creatures vanquished.

Vanquished Creatures (others)
  A yak (Lair:6)
  2 humans (Lair:6)
  55 fungi
  35 plants
93 creatures vanquished.

Grand Total: 679 creatures vanquished

Notes
Turn   | Place    | Note
-------+----------+-------------------------------------------
     0 | D:1      | Ezendos the Ogre Transmuter began the quest for the Orb.
     0 | D:1      | Reached XP level 1. HP: 19/19 MP: 3/3
    28 | D:1      | Reached skill level 2 in Fighting
   198 | D:1      | Reached XP level 2. HP: 29/29 MP: 3/5
   202 | D:1      | Learned a level 2 spell: Sticks to Snakes
   533 | D:1      | Reached skill level 3 in Fighting
   799 | D:1      | Reached XP level 3. HP: 37/37 MP: 5/7
  1807 | D:2      | Reached XP level 4. HP: 39/48 MP: 8/8
  1970 | D:2      | Learned a level 4 spell: Ice Form
  2142 | D:2      | Reached skill level 4 in Fighting
  2263 | D:2      | Found a shattered altar of Ashenzari.
  2853 | D:3      | Reached XP level 5. HP: 34/54 MP: 9/9
  2889 | D:3      | Found a glowing drain.
  2912 | Sewer    | Entered a sewer
  3190 | Sewer    | Reached skill level 1 in Ice Magic
  4018 | Sewer    | Reached XP level 6. HP: 25/65 MP: 2/11
  4025 | Sewer    | Reached skill level 5 in Fighting
  4426 | D:3      | Reached XP level 7. HP: 42/72 MP: 13/13
  6627 | D:4      | Found a glowing silver altar of Zin.
  6632 | D:4      | Found a sparkling altar of Nemelex Xobeh.
  6707 | D:5      | Entered Level 5 of the Dungeon
  6962 | D:4      | Found a glowing silver altar of Zin.
  6965 | D:4      | Found a sparkling altar of Nemelex Xobeh.
  7348 | D:5      | Reached skill level 6 in Fighting
  7374 | D:5      | Found a shadowy altar of Dithmenos.
  8059 | D:5      | Reached XP level 8. HP: 68/84 MP: 14/14
  8525 | D:4      | Reached skill level 7 in Fighting
  8914 | D:6      | Learned a level 5 spell: Blade Hands
  9009 | D:6      | Reached skill level 5 in Transmutations
  9345 | D:6      | Learned a level 1 spell: Animate Skeleton
  9861 | D:6      | Upgraded the game from 0.26-a0-154-g3d63440f56 to
                  | 0.26-a0-158-g66bac3cce0
  9861 | D:6      | Found Suemmoow's Book Shoppe.
 10309 | D:7      | Found a white marble altar of Elyvilon.
 10560 | D:7      | Found an ornate altar of the Wu Jian Council.
 10606 | D:7      | Reached skill level 1 in Necromancy
 10834 | D:7      | Reached skill level 5 in Ice Magic
 10946 | D:7      | Reached XP level 9. HP: 72/96 MP: 15/15
 11071 | D:7      | Found a staircase to the Ecumenical Temple.
 11083 | D:7      | Got a fine spear
 11088 | Temple   | Entered the Ecumenical Temple
 11126 | Temple   | Became a worshipper of Makhleb the Destroyer
 11235 | D:7      | Reached skill level 8 in Fighting
 11843 | D:7      | Found a shimmering altar of Xom.
 11844 | D:7      | Found a hazy altar of Hepliaklqana.
 11845 | D:7      | Noticed a spectral ugly thing
 12706 | D:8      | Reached * piety under Makhleb
 13424 | D:9      | Reached skill level 5 in Unarmed Combat
 13480 | D:9      | Reached skill level 9 in Fighting
 13485 | D:9      | Reached skill level 5 in Spellcasting
 13630 | D:8      | Found a stormy altar of Qazlal.
 13727 | D:9      | Reached XP level 10. HP: 86/107 MP: 14/17
 13860 | D:9      | Identified the +6 spear "Luqiroc" {vamp, rF- Dex+5} (You
                  | found it on level 7 of the Dungeon)
 14591 | D:9      | Found Icaptum's Antique Armour Shoppe.
 14674 | D:9      | Found a roughly hewn altar of Beogh.
 14674 | D:9      | Found a staircase to the Orcish Mines.
 14674 | D:9      | Noticed a cyclops
 14959 | D:9      | Killed a cyclops
 15220 | D:9      | HP: 1/110 [orc warrior/+0 halberd (11)]
 15596 | D:10     | Entered Level 10 of the Dungeon
 15596 | D:10     | Noticed a death yak
 15599 | D:10     | Noticed a death yak
 15599 | D:10     | Noticed a two-headed ogre
 15692 | D:9      | Reached ** piety under Makhleb
 15809 | D:9      | Reached skill level 10 in Fighting
 16219 | D:10     | Killed a two-headed ogre
 16470 | D:10     | Noticed a death yak
 16730 | D:9      | Killed a death yak
 17492 | D:8      | Killed a death yak
 17492 | D:8      | Reached skill level 11 in Fighting
 17492 | D:8      | Reached XP level 11. HP: 62/120 MP: 10/18
 17813 | D:9      | Killed a death yak
 18284 | D:10     | Found a staircase to the Lair.
 18444 | D:10     | Found a burning altar of Makhleb.
 18550 | Lair:1   | Entered Level 1 of the Lair of Beasts
 18648 | Orc:1    | Entered Level 1 of the Orcish Mines
 18822 | D:6      | Bought a book of the Earth for 650 gold pieces
 18830 | D:6      | Learned a level 6 spell: Statue Form
 19718 | Lair:2   | Reached skill level 1 in Earth Magic
 19724 | Lair:2   | Found a staircase to the Swamp.
 19842 | Lair:2   | Found a staircase to the Snake Pit.
 20022 | Lair:2   | Reached *** piety under Makhleb
 20556 | Lair:3   | Found a gate leading to a gauntlet.
 20562 | Gauntlet | Entered a Gauntlet
 20562 | Gauntlet | Found a transporter.
 20562 | Gauntlet | Found a transporter.
 20563 | Gauntlet | Found a transporter.
 20564 | Gauntlet | Noticed a tengu warrior
 20566 | Gauntlet | Found a transporter.
 20566 | Gauntlet | Found a transporter.
 20566 | Gauntlet | Found a transporter.
 20576 | Gauntlet | Found a transporter.
 20580 | Gauntlet | Found a transporter.
 20590 | Gauntlet | Found a transporter.
 20600 | Gauntlet | Noticed a minotaur
 20690 | Gauntlet | Noticed a catoblepas
 20695 | Gauntlet | Found a transporter.
 20695 | Gauntlet | Found a transporter.
 20705 | Gauntlet | Found a transporter.
 20832 | Gauntlet | Killed a tengu warrior
 21201 | Gauntlet | Reached skill level 5 in Dodging
 21228 | Gauntlet | Got a dazzling bardiche
 21233 | Gauntlet | Identified the +7 bardiche of Glory {elec, +Blink Str+4}
                  | (You found it in a Gauntlet)
 21264 | Gauntlet | Killed a minotaur
 21264 | Gauntlet | Reached skill level 12 in Fighting
 21264 | Gauntlet | Reached XP level 12. HP: 91/132 MP: 16/21
 21406 | Lair:3   | Noticed a six-headed hydra
 21414 | Lair:3   | Killed a six-headed hydra
 22643 | Lair:3   | Reached skill level 10 in Unarmed Combat
 23289 | Lair:4   | Noticed a death yak
 23289 | Lair:4   | Noticed a death yak
 23318 | Lair:4   | Killed a death yak
 23333 | Lair:4   | Noticed a death yak
 23334 | Lair:4   | Noticed a death yak
 23334 | Lair:4   | Noticed a death yak
 23396 | Lair:4   | Killed a death yak
 23396 | Lair:4   | Noticed a death yak
 23415 | Lair:3   | Killed a death yak
 23646 | Lair:4   | Killed a death yak
 24010 | Lair:4   | Reached **** piety under Makhleb
 24010 | Lair:4   | Reached skill level 13 in Fighting
 24277 | Lair:4   | You fall into a shaft and drop 2 floors!
 24277 | Lair:6   | Entered Level 6 of the Lair of Beasts
 24326 | Lair:6   | Noticed Kirke
 24332 | Lair:6   | Noticed Urug
 24876 | Lair:3   | Killed a death yak
 24876 | Lair:3   | Reached skill level 5 in Earth Magic
 24876 | Lair:3   | Reached XP level 13. HP: 100/144 MP: 16/22
 25424 | Lair:4   | Reached skill level 1 in Invocations
 27888 | Lair:5   | Upgraded the game from 0.26-a0-158-g66bac3cce0 to
                  | 0.26-a0-180-ge96aa7da28
 27926 | Lair:6   | HP: 7/172 [seven-headed hydra (12)]
 29869 | Lair:6   | Killed Urug
 29869 | Lair:6   | Reached skill level 5 in Invocations
 30331 | Lair:6   | Killed Kirke
 30331 | Lair:6   | Reached XP level 14. HP: 60/154 MP: 2/23
 30603 | Lair:6   | Reached skill level 10 in Transmutations
 30672 | Lair:6   | Found a viscous altar of Jiyva.
 30673 | Lair:6   | Found a staircase to the Slime Pits.
 31146 | Lair:6   | Reached skill level 14 in Fighting
 31504 | Lair:6   | Got an encrusted mace
 31506 | Lair:6   | Identified the +6 mace of Jaroer {vorpal, rC- rN+ MP+9
                  | Int+4} (You found it on level 6 of the Lair of Beasts)
 31959 | D:11     | Reached ***** piety under Makhleb
 32053 | D:11     | Got a scorched long sword
 32062 | D:11     | Identified the cursed +1 long sword "Moqe" {drain, rElec
                  | rF+} (You found it on level 11 of the Dungeon)
 32102 | D:11     | Learned a level 2 spell: Corpse Rot
 32189 | D:11     | Noticed Sonja
 32208 | D:11     | Killed Sonja
 32405 | D:11     | Noticed a fire giant
 32406 | D:11     | Upgraded the game from 0.26-a0-180-ge96aa7da28 to
                  | 0.26-a0-190-g75a3d40d47
 33313 | D:11     | Killed a fire giant
 33313 | D:11     | Reached skill level 1 in Air Magic
 35386 | D:12     | Reached skill level 1 in Maces & Flails
 35742 | D:12     | Learned a level 3 spell: Ozocubu's Armour
 35745 | D:12     | Learned a level 2 spell: Shroud of Golubria
 36172 | D:13     | Reached XP level 15. HP: 105/165 MP: 9/24
 36436 | D:13     | HP: 4/165 [freezing wraith (16)]
 36438 | D:13     | Mangled by a freezing wraith

Illustrated notes

Levels and vault maps discovered:
D:1:      eino_arrival_water_star, layout_basic
D:2:      layout_loops_ring, ashenzari_altar_1, first_ration,
          kennysheep_generic_room_3
D:3:      layout_loops_cross, gup_sewer_entry_pipe, kennysheep_generic_room_11
D:4:      layout_loops_corners, minitemple
D:5:      layout_loops_cross, grunt_dithmenos_smoke_and_mirrors
D:6:      layout_loops_corners, serial_shops, shop, kennysheep_cluttered_room,
          kennysheep_generic_room_4
D:7:      layout_loops_ring, marbit_many_paths, kennysheep_little_box,
          regret_index_temple_of_mockery
D:8:      layout_loops_ring, nicolae_overflow_hidden_temple,
          kennysheep_another_room, minmay_diced_spiral
D:9:      layout_basic, david_orc_5, serial_shops, shop_fountains,
          grunt_ogre_cave
D:10:     layout_layer_cave, dpeg_lair_monsters, basic_altar
D:11:     minmay_firetagon, layout_layer_cave, minmay_strange_pillars,
          uniq_sonja
D:12:     layout_long_grid, chequers_serial_rivers_room_a
D:13:     minmay_blocking_statues, layout_stronghold,
          grunt_vaults_entry_fortified, uniq_frances
Temple:   nicolae_temple_god_jail
Lair:1:   layout_chaotic_city, lemuel_fruit_fields, serial_bayou_shore_b,
          infiniplex_staircase_pool
Lair:2:   layout_roguey, skrybe_swamp_entry_bodies, guppyfry_snake_entry_garden,
          hibernation_bobbens, infiniplex_staircase_pool_2
Lair:3:   layout_concentric_octagons, gauntlet_entry_generic
Lair:4:   layout_cave_pods, nicolae_quartered_pool_little, grunt_megastairs_2
Lair:5:   layout_cave_pods
Lair:6:   grunt_lair_end_beastmaster, layout_loops_ring, slime_altar_1,
          uniq_kirke, uniq_urug
Orc:1:    layout_caves, serial_shops

Skill      XL: |  1  2  3  4  5  6  7  8  9 10 11 12 13 14 15 |
---------------+----------------------------------------------+-----
Fighting       | 2 3 4 5 6 7 9 11 12 13 14 | 14.6
Transmutations | 2 3 4 5 7 8 9 10 | 10.0
Spellcasting   | 3 4 5 6 |  6.0
Ice Magic      | 1 2 3 5 |  5.8
Unarmed Combat | 3 5 8 9 10 11 | 11.3
Necromancy     | 1 2 |  2.3
Dodging        | 3 5 6 7 8 |  8.3
Earth Magic    | 2 5 7 8 |  8.3
Invocations    | 5 7 |  7.5
Air Magic      | 1 |  1.4
Maces & Flails | 3 4 |  4.1

Action                   |  1- 3 |  4- 6 |  7- 9 | 10-12 | 13-15 || total
-------------------------+-------+-------+-------+-------+-------++-------
Melee: Unarmed           |    29 |       |   109 |   413 |   379 ||   930
       Headbutt          |    12 |       |    21 |       |       ||    33
       Kick              |     3 |    20 |    22 |       |       ||    45
       Dagger            |   100 |   107 |    13 |       |       ||   220
       Whip              |       |   135 |     4 |       |       ||   139
       Punch             |       |     1 |     4 |     8 |    15 ||    28
       Short sword       |       |       |   296 |    95 |    12 ||   403
       Giant spiked club |       |       |     3 |       |       ||     3
       Great mace        |       |       |       |       |   123 ||   123
       Long sword        |       |       |       |       |     4 ||     4
 Cast: Beastly Appendage |    19 |    23 |    34 |       |       ||    76
       Sticks to Snakes  |       |    14 |     6 |     9 |    13 ||    42
       Ice Form          |       |       |    15 |    48 |    38 ||   101
       Animate Skeleton  |       |       |     5 |    14 |    41 ||    60
       Blade Hands       |       |       |       |    11 |    14 ||    25
       Corpse Rot        |       |       |       |       |     1 ||     1
Invok: Minor Destruction |       |       |       |       |    26 ||    26
       Lesser Servant of |       |       |       |       |    12 ||    12
       Major Destruction |       |       |       |       |     1 ||     1
 Abil: End Transformatio |       |       |       |     6 |     4 ||    10
Evoke: Wand              |       |       |       |     2 |     8 ||    10
  Use: Scroll            |     5 |     4 |     7 |    15 |    10 ||    41
       Potion            |     1 |     2 |       |     1 |     6 ||    10
 Stab: Sleeping          |     2 |       |       |       |       ||     2
       Distracted        |       |     2 |       |       |     2 ||     4
  Eat: Chunk             |     3 |    10 |    29 |    23 |    29 ||    94
       Ration            |       |       |     1 |     7 |     5 ||    13
Armor: Robe              |    41 |   108 |   106 |    27 |    48 ||   330
       Skin              |       |    30 |    18 |    59 |    51 ||   158
       Acid dragon scale |       |       |       |       |    29 ||    29
       Troll leather arm |       |       |       |       |     6 ||     6
Dodge: Dodged            |    80 |   175 |   194 |   332 |   483 ||  1264
       Rpst.: Long sword |       |       |       |       |    18 ||    18

Table legend:
 A = Non-vault XP
 B = Vault XP
 C = Vault XP percentage of total XP
 D = Non-vault monster count
 E = Vault monster count
 F = Vault count percentage of total count
                 A         B        C        D         E       F
            +---------+---------+-------+---------+---------+-------
      Total |   61644 |   26680 |  30.2 |     436 |     148 |  25.3
            +---------+---------+-------+---------+---------+-------
        D:1 |      64 |       0 |   0.0 |      29 |       0 |   0.0
        D:2 |      82 |      14 |  14.6 |      34 |       2 |   5.6
        D:3 |     270 |      14 |   4.9 |      37 |       6 |  14.0
        D:4 |     205 |       0 |   0.0 |       4 |       0 |   0.0
        D:5 |     544 |       0 |   0.0 |      17 |       0 |   0.0
        D:6 |     336 |      90 |  21.1 |      12 |       1 |   7.7
        D:7 |    1133 |       0 |   0.0 |      22 |       0 |   0.0
        D:8 |    1055 |     870 |  45.2 |      24 |       4 |  14.3
        D:9 |    1680 |    2553 |  60.3 |      22 |      28 |  56.0
       D:10 |    1873 |     199 |   9.6 |      14 |       6 |  30.0
       D:11 |    5694 |    3435 |  37.6 |      32 |       8 |  20.0
       D:12 |    6337 |       0 |   0.0 |      47 |       0 |   0.0
       D:13 |    3143 |    1906 |  37.8 |      11 |       7 |  38.9
     Lair:1 |    1844 |       0 |   0.0 |      10 |       0 |   0.0
     Lair:2 |     990 |     398 |  28.7 |       7 |       2 |  22.2
     Lair:3 |    6881 |       0 |   0.0 |      19 |       0 |   0.0
     Lair:4 |    8290 |     397 |   4.6 |      26 |       1 |   3.7
     Lair:5 |   11058 |       0 |   0.0 |      31 |       0 |   0.0
     Lair:6 |   10000 |   12452 |  55.5 |      37 |      24 |  39.3
      Orc:1 |     165 |       0 |   0.0 |       1 |       0 |   0.0
      Sewer |       0 |     284 | 100.0 |       0 |      48 | 100.0
   Gauntlet |       0 |    4068 | 100.0 |       0 |      11 | 100.0
            +---------+---------+-------+---------+---------+-------
